 Seeded DCSS version 0.30-a0-1043-g60ff8d5f49 (webtiles) character file.

Game seed: 7547814903460644772 (custom seed)

3591 DeathPants the Tainter (level 10, 0/88 HPs)
             Began as a Ghoul Venom Mage on Apr 8, 2023.
             Was a Believer of Kikubaaqudgha.
             Slain by a two-headed ogre
             ... wielding a +0 giant club
              (11 damage)
             ... on level 8 of the Dungeon on Apr 9, 2023.
             The game lasted 00:29:51 (10516 turns).

DeathPants the Tainter (Ghoul Venom Mage)          Turns: 10516, Time: 00:29:52

Health: 0/88       AC: 10    Str: 13    XL:     10   Next: 10%
Magic:  10/16      EV: 12    Int: 14    God:    Kikubaaqudgha [**....]
Gold:   244        SH:  0    Dex:  9    Spells: 8/18 levels left

rFire   . . .      SeeInvis .    b - +1 broad axe (flame)
rCold   + . .      Faith    .    (no shield)
rNeg    + + +      Spirit   .    c - +2 steam dragon scales
rPois   ∞          Reflect  .    (no helmet)
rElec   .          Rampage  .    w - +2 cloak
rCorr   .                        (no gloves)
Will    .....                    (no boots)
Stlth   +++                      (no amulet)
HPRegen 0.00/turn                (no ring)
MPRegen 0.15/turn                (no ring)

@: mighty, inhibited regen
A: claws 1, cold resistance 1, negative energy resistance 3, inhibited
regeneration, torment resistance 2, devour on kill
a: Renounce Religion, Unearth Wretches


You were on level 8 of the Dungeon.
You worshipped Kikubaaqudgha.
Kikubaaqudgha was pleased with you.
You visited 1 branch of the dungeon, and saw 8 of its levels.

You collected 414 gold pieces.
You spent 170 gold pieces at shops.

Inventory:

Hand Weapons
 a - a +5 dagger of venom
 b - a +1 broad axe of flaming (weapon)
 h - a +2 flail of flaming
 i - a +4 dagger
 v - a +4 quarterstaff of chaos
Missiles
 k - a throwing net
 q - 19 poisoned darts
 r - a curare-tipped dart
 t - 9 boomerangs
 x - 4 javelins
Armour
 c - +2 steam dragon scales (worn)
 w - a +2 cloak (worn)
Wands
 f - a wand of flame (29)
 B - a wand of paralysis (13)
Scrolls
 g - a scroll of enchant weapon
 o - 3 scrolls of teleportation
 y - a scroll of magic mapping
Potions
 d - a potion of cancellation
 e - 3 potions of haste
 j - a potion of might
 l - a potion of degeneration {unknown}
 m - a potion of brilliance {unknown}
 n - 2 potions of curing {unknown}
 p - a potion of flight {unknown}
 s - 3 potions of heal wounds
 u - 2 potions of magic
 z - a potion of resistance {unknown}
 A - 2 potions of attraction {unknown}


   Skills:
 - Level 8.0 Fighting
 + Level 5.5 Axes
 - Level 4.0 Dodging
 - Level 8.0 Stealth
 - Level 4.9 Spellcasting
 - Level 4.0 Conjurations
 - Level 0.8 Transmutations
 - Level 4.0 Air Magic
 - Level 8.5 Poison Magic


You had 8 spell levels left.
You knew the following spells:

 Your Spells              Type           Power      Damage    Failure   Level
a - Sting                 Tmut/Pois      64%        1d6       2%          1
b - Poisonous Vapours     Pois/Air       42%        N/A       1%          2
c - Mephitic Cloud        Conj/Pois/Air  18%        N/A       5%          3
d - Olgreb's Toxic Radia  Pois           27%        N/A       5%          4

Your spell library contained the following spells:

 Spells                   Type           Power      Damage    Failure   Level
 Cigotuvi's Dreadful Rot  Necr/Pois/Air  30%        N/A       4%          2
 Swiftness                Air            14%        N/A       10%         3
 Necrotise                Necr           12%        1d4       19%         1
 Passwall                 Tmut/Erth      3%         N/A       22%         2
 Blink                    Tloc           6%         N/A       26%         2
 Ensorcelled Hibernation  Hex/Ice        6%         N/A       26%         2
 Lesser Beckoning         Tloc           6%         N/A       26%         2
 Gell's Gravitas          Tloc           3%         N/A       47%         3
 Inner Flame              Hex/Fire       3%         N/A       47%         3
 Teleport Other           Tloc           3%         N/A       47%         3
 Vampiric Draining        Necr           3%         2d6       47%         3
 Freezing Cloud           Conj/Ice/Air   5%         6-21      85%         5
 Animate Dead             Necr           3%         N/A       87%         4
 Manifold Assault         Tloc           3%         N/A       87%         4
 Yara's Violent Unravell  Hex/Tmut       2%         3d3       99%         5
 Enfeeble                 Hex            1%         N/A       100%        7
 Storm Form               Tmut/Air       Unusable   N/A       N/A         7

Dungeon Overview and Level Annotations

Branches:
Dungeon (8/15)             Temple (0/1) D:6
   Lair: D:8-11

Altars:
Ashenzari
Cheibriados
Fedhas
Gozag
Hepliaklqana
Kikubaaqudgha
Makhleb
Nemelex Xobeh
Okawaru
Ru
Trog
Wu Jian
Yredelemnul

Shops:
D:5 (   D:6 [


Innate Abilities, Weirdness & Mutations

You are immune to poison.
You have sharp fingernails.
Your flesh is cold resistant. (rC+)
You are immune to negative energy. (rN+++)
You do not regenerate when monsters are visible.
You are immune to unholy pain and torment.
You thrive by killing the living.


Message History

You climb downwards.
The two-headed ogre hits you with a +0 giant club!
The two-headed ogre barely misses you.
There is a stone staircase leading up here.
Okay, then.
You feel very mighty all of a sudden.
The two-headed ogre hits you with a +0 giant club!
The two-headed ogre hits you but does no damage.
You barely miss the two-headed ogre.
The two-headed ogre hits you with a +0 giant club.
The two-headed ogre closely misses you.
Aiming: Poisonous Vapours (safe; 1% risk of failure)
Press: ? - help, Q - select action, (/) - cycle Dir - move target, f - two-headed ogre
Aim: a two-headed ogre, wielding two +0 giant clubs Poisonous vapours surround the two-headed ogre!
The two-headed ogre is poisoned.
The two-headed ogre closely misses you. x2
You barely miss the two-headed ogre.
The two-headed ogre is lightly wounded.
Aiming: Poisonous Vapours (safe; 1% risk of failure)
Press: ? - help, Q - select action, (/) - cycle Dir - move target, f/p - two-headed ogre
Aim: a two-headed ogre, wielding two +0 giant clubs (lightly wounded, poisoned) Poisonous vapours surround the two-headed ogre!
The two-headed ogre looks even sicker.
The two-headed ogre hits you with a +0 giant club!
The two-headed ogre closely misses you.
You slash the two-headed ogre! You burn the two-headed ogre.
The two-headed ogre is moderately wounded.
The two-headed ogre hits you with a +0 giant club!!
The two-headed ogre barely misses you.
Aiming: Poisonous Vapours (safe; 1% risk of failure)
Press: ? - help, Q - select action, (/) - cycle Dir - move target, f/p - two-headed ogre
Aim: a two-headed ogre, wielding two +0 giant clubs (moderately wounded, very poisoned) Poisonous vapours surround the two-headed ogre!
The two-headed ogre looks as sick as possible!
The two-headed ogre hits you with a +0 giant club!!
* * * LOW HITPOINT WARNING * * *
The two-headed ogre hits you with a +0 giant club!
You die...
Kikubaaqudgha rasps: "You have failed me!
Welcome... oblivion!"

############
#...........
#..[........
#...O.......
#...@.....[.
#...........
......>........
###............
#.....)......
......).......
#.#............
#.#............


You could see a two-headed ogre (extremely poisoned).

Vanquished Creatures
  A troll (D:6)
  Eustachio (D:5)
  A steam dragon (D:6)
  Edmund (D:5)
  Duvessa (D:5)
  A water moccasin (D:7)
  A sky beast (D:7)
  An ice beast (D:7)
  7 ogres
  2 centaurs
  A phantom (D:6)
  2 kobold brigands
  2 gnoll sergeants
  2 scorpions
  2 bullfrogs
  2 wights (D:7)
  Dowan (D:5)
  6 electric eels (D:6)
  Crazy Yiuf (D:3)
  An orc priest (D:8)
  4 hounds
  A gnoll bouda (D:7)
  Jessica (D:2)
  An iguana (D:6)
  Natasha (thrice) (D:3)
  3 orc wizards
  10 gnolls
  8 adders
  A river rat (D:4)
  A shadow imp (D:6)
  2 white imps
  7 worms
  A dart slug (D:3)
  14 orcs
  4 ball pythons
  4 bats
  4 endoplasms
  A giant cockroach (D:3)
  9 goblins
  10 hobgoblins
  7 jackals
  3 quokkas
  3 frilled lizards
  8 kobolds
  2 rats (D:1)
149 creatures vanquished.

Vanquished Creatures (others)
  3 plants
  5 toadstools (D:3)
8 creatures vanquished.

Grand Total: 157 creatures vanquished

Notes
Turn   | Place    | Note
-------+----------+-------------------------------------------
     0 | D:1      | DeathPants the Ghoul Venom Mage began the quest for the
                  | Orb.
     0 | D:1      | Reached XP level 1. HP: 14/14 MP: 2/2
   463 | D:1      | Reached XP level 2. HP: 20/20 MP: 0/4
   665 | D:1      | Learned a level 2 spell: Poisonous Vapours
   908 | D:1      | Found a faded altar of an unknown god.
  1272 | D:2      | Reached XP level 3. HP: 26/26 MP: 1/5
  1276 | D:2      | Learned a level 3 spell: Mephitic Cloud
  1292 | D:2      | Noticed Jessica
  1317 | D:2      | Killed Jessica
  1318 | D:2      | Reached XP level 4. HP: 11/33 MP: 0/6
  1446 | D:2      | Reached XP level 5. HP: 38/38 MP: 7/11
  1447 | D:2      | Reached XP level 6. HP: 58/58 MP: 7/12
  1601 | D:2      | Learned a level 4 spell: Olgreb's Toxic Radiance
  1663 | D:2      | You fall into a shaft and drop 1 floor!
  1674 | D:3      | Noticed Natasha
  1680 | D:3      | Killed Natasha
  1750 | D:3      | Found an ornate altar of the Wu Jian Council.
  2432 | D:3      | Noticed Natasha
  2440 | D:3      | Killed Natasha
  2745 | D:4      | Found a sparkling altar of Nemelex Xobeh.
  3022 | D:4      | Found a burning altar of Makhleb.
  3029 | D:4      | Noticed a balrug
  3029 | D:4      | Noticed an angel
  3068 | D:5      | Entered Level 5 of the Dungeon
  3303 | D:4      | Reached XP level 7. HP: 56/66 MP: 2/13
  3743 | D:3      | Upgraded the game from 0.30-a0-1035-g38d5fb2972 to
                  | 0.30-a0-1043-g60ff8d5f49
  3766 | D:3      | Noticed Natasha
  3774 | D:3      | Killed Natasha
  3917 | D:3      | Found a runed translucent door.
  3918 | D:3      | Noticed Crazy Yiuf
  3928 | D:3      | Killed Crazy Yiuf
  4563 | D:3      | Found a broken altar of Ashenzari.
  5033 | D:4      | Found a basalt altar of Yredelemnul.
  5595 | D:5      | Found an ancient bone altar of Kikubaaqudgha.
  5596 | D:5      | Found a blossoming altar of Fedhas.
  5605 | D:5      | Became a worshipper of Kikubaaqudgha
  5640 | D:5      | Reached XP level 8. HP: 64/73 MP: 1/14
  5755 | D:5      | Noticed Edmund
  5774 | D:5      | Killed Edmund
  6090 | D:5      | Found a sacrificial altar of Ru.
  6091 | D:5      | Found an opulent altar of Gozag.
  6101 | D:5      | Found an iron altar of Okawaru.
  6166 | D:5      | Found Yschepa's Hydra Hut.
  6178 | D:5      | Noticed a six-headed hydra
  6182 | D:5      | Bought a +1 broad axe of flaming for 170 gold pieces
  6611 | D:5      | Noticed Duvessa
  6611 | D:5      | Noticed Dowan
  6616 | D:5      | Killed Duvessa
  6617 | D:5      | Reached skill level 1 in Axes
  6632 | D:5      | Killed Dowan
  6790 | D:5      | Noticed Eustachio
  6807 | D:5      | Killed Eustachio
  7118 | D:6      | Reached * piety under Kikubaaqudgha
  7118 | D:6      | Received a gift from Kikubaaqudgha
  7317 | D:6      | Reached XP level 9. HP: 54/81 MP: 2/15
  7526 | D:6      | Found Wuuwnok's Antique Armour Shoppe.
  7622 | D:6      | Found a snail-covered altar of Cheibriados.
  7920 | D:6      | Noticed a troll
  7932 | D:6      | Killed a troll
  8308 | D:6      | Found a staircase to the Ecumenical Temple.
  8591 | D:6      | Found a bloodstained altar of Trog.
  9239 | D:7      | Reached skill level 5 in Axes
  9656 | D:7      | Found a hazy altar of Hepliaklqana.
  9785 | D:7      | Reached XP level 10. HP: 88/88 MP: 13/16
 10303 | D:8      | Reached ** piety under Kikubaaqudgha
 10304 | D:8      | Noticed a two-headed ogre
 10516 | D:8      | Slain by a two-headed ogre

Illustrated notes

Levels and vault maps discovered:
D:1:      lordsloth_arrival_two_stooges, layout_basic,
          chequers_ecumenical_altar_simple
D:2:      layout_loops_ring, uniq_jessica
D:3:      layout_loops_cross, ashenzari_conservatory_becter,
          nzn_wu_jian_council_hall, chequers_serial_rivers_room_a,
          grunt_decor_cap, hangedman_abyss_or_decor_lesser_grid,
          hangedman_decor_peaks_small, minmay_gold_behind_fungi, uniq_natasha,
          uniq_crazy_yiuf_cottage
D:4:      layout_loops_ring, grunt_temple_overflow_order_and_chaos_2,
          yredelemnul_altar_generic, nemelex_dance_club_becter,
          gup_sewer_entry_bubbles
D:5:      layout_loops_ring, grunt_temple_overflow_growth_and_decay,
          nicolae_overflow_quartered_altars, doesnt_shop_hydraphobe,
          uniq_edmund, uniq_duvessa, uniq_eustachio
D:6:      cheibrodos_two_vegetables, layout_basic,
          mainiacjoe_overflow_surrounded_room, mainiacjoe_overflow_tiny_flanked,
          minmay_temple_entry_arrows, serial_shops, nicolae_shop_crystal,
          chequers_avenue, nicolae_elevator_lobby_plus
D:7:      layout_rooms, nzn_hepliaklqana_mist_gate
D:8:      layout_basic, serial_shops, nicolae_lakefront_shop,
          serial_bayou_pond_d, kennysheep_generic_room_9, uniq_psyche,
          uniq_joseph, uniq_erica

Skill      XL: |  1  2  3  4  5  6  7  8  9 |
---------------+----------------------------+-----
Spellcasting   | 2 4 |  4.9
Poison Magic   | 4 8 |  8.5
Conjurations   | 4 |  4.0
Air Magic      | 4 |  4.0
Fighting       | 6 7 8 |  8.0
Stealth        | 8 |  8.0
Dodging        | 2 3 4 |  4.0
Axes           | 1 5 |  5.5
Transmutations | |  0.8

Action                     |  1- 3 |  4- 6 |  7- 9 | 10-12 || total
---------------------------+-------+-------+-------+-------++-------
  Melee: Unarmed           |     9 |       |       |       ||     9
         Dagger            |    23 |    61 |    66 |       ||   150
         Rapier            |    31 |       |       |       ||    31
         Punch             |     1 |       |     3 |       ||     4
         Broad axe         |       |       |   117 |    15 ||   132
  Throw: Throwing net      |       |       |     2 |       ||     2
   Cast: Sting             |    24 |       |     5 |       ||    29
         Poisonous Vapours |       |    45 |    95 |     7 ||   147
         Olgreb's Toxic Ra |       |     2 |    30 |     7 ||    39
  Evoke: Wand              |       |       |    12 |       ||    12
    Use: Potion            |       |     2 |       |     1 ||     3
         Scroll            |       |       |    18 |       ||    18
   Stab: Sleeping          |     1 |     4 |       |     1 ||     6
 Armour: Robe              |    12 |     7 |    29 |       ||    48
         Steam dragon scal |       |       |    30 |     3 ||    33
  Dodge: Dodged            |    60 |    26 |   157 |    19 ||   262

Table legend: (Time is in decaauts)
 A = Elapsed time spent in this place.
 B = Non-inter-level travel time spent in this place.
 C = Inter-level travel time spent in this place.
 D = Time resting spent in this place.
 E = Time spent auto-exploring this place.
 F = Levels seen in this place.
 G = Mean time per level.
                   A        B        C        D        E       F      G
               +--------+--------+--------+--------+--------+-----+--------+
         Total |  10659 |  10332 |    327 |   2407 |   5977 |   8 | 1332.4 |
       Dungeon |  10659 |  10332 |    327 |   2407 |   5977 |   8 | 1332.4 |
               +--------+--------+--------+--------+--------+-----+--------+

Top non-repeatable levels by time:
     D:6: 2336 daAuts
     D:4: 1796 daAuts
     D:5: 1713 daAuts
     D:3: 1635 daAuts
     D:1: 1231 daAuts
     D:7: 962 daAuts
     D:2: 953 daAuts
     D:8: 28 daAuts
